 Dungeon Crawl Stone Soup version 0.31-a0-819-gf6de2f5ab6 (webtiles) character file.

Game seed: 8665703381111380327

2559 pokeman the Thaumaturge (level 9, -10/51 HPs)
             Began as a Deep Elf Hedge Wizard on Sept 24, 2023.
             Was a Follower of Vehumet.
             Killed from afar by a steam dragon (14 damage)
             ... with a ball of steam
             ... on level 7 of the Dungeon.
             The game lasted 00:13:45 (7562 turns).

pokeman the Thaumaturge (Deep Elf Hedge Wizard)     Turns: 7562, Time: 00:13:45

Health: -10/51     AC:  7    Str: 17    XL:     9   Next: 31%
Magic:  3/25       EV: 14    Int: 28    God:    Vehumet [*.....]
Gold:   244        SH:  0    Dex: 27    Spells: 13/29 levels left

rFire   . . .        s - +1 whip (freeze)
rCold   . . .        (no shield)
rNeg    . . .        l - +4 robe of Augmentation {Str+4 Int+4 Dex+4}
rPois   .            c - +0 hat
rElec   .            (no cloak)
rCorr   +            n - +0 pair of gloves of the Cuttlefish {Will- rCorr Dex+9}
SInv    .            (no boots)
Will    .....        (no amulet)
Stlth   +++          f - +6 ring of strength
HPRegen 0.28/turn    j - ring of willpower
MPRegen 0.19/turn

%: no passive effects
@: no status effects
A: no striking features
a: Renounce Religion


You were on level 7 of the Dungeon.
You worshipped Vehumet.
Vehumet was aware of your devotion.
You visited 2 branches of the dungeon, and saw 8 of its levels.
You also visited: Sewer.

You collected 244 gold pieces.

Inventory:

Hand Weapons
 s - a +1 whip of freezing (weapon)
Missiles
 u - 2 throwing nets
Armour
 c - a +0 hat (worn)
 l - the +4 robe of Augmentation (worn) {Str+4 Int+4 Dex+4}
   (You found it on level 2 of the Dungeon)

   Str+4:     It affects your strength (+4).
   Int+4:     It affects your intelligence (+4).
   Dex+4:     It affects your dexterity (+4).
 n - the +0 pair of gloves of the Cuttlefish (worn) {Will- rCorr Dex+9}
   (You found it on level 4 of the Dungeon)

   Dex+9:     It affects your dexterity (+9).
   Will-:     It decreases your willpower.
   rCorr:     It protects you from acid and corrosion.
Jewellery
 f - a +6 ring of strength (left hand)
 j - a ring of willpower (right hand)
 t - a ring of willpower
 z - a +6 ring of strength
Wands
 y - a wand of digging (4)
Scrolls
 a - a scroll of silence {unknown}
 b - 3 scrolls of enchant weapon {unknown}
 e - 6 scrolls of identify {unknown}
 i - 2 scrolls of teleportation {unknown}
 k - a scroll of enchant armour {unknown}
 m - 3 scrolls of blinking {unknown}
 o - a scroll of fog {unknown}
 r - 2 scrolls of fear {unknown}
 v - a scroll of noise {unknown}
Potions
 d - a potion of magic
 g - a potion of cancellation {unknown}
 h - 3 potions of curing {unknown}
 p - 4 potions of ambrosia {unknown}
 q - 2 potions of lignification {unknown}
 w - a potion of attraction {unknown}
 x - 2 potions of might {unknown}


   Skills:
 - Level 3.2 Fighting
 + Level 2.4 Armour
 - Level 3.0 Dodging
 - Level 3.0 Stealth
 * Level 10.9 Spellcasting
 + Level 7.0 Conjurations
 - Level 1.1 Summonings
 - Level 1.1 Translocations
 - Level 2.0 Transmutations
 + Level 3.7 Fire Magic
 - Level 2.0 Ice Magic
 - Level 1.1 Air Magic
 - Level 1.2 Poison Magic


You had 13 spell levels left.
You knew the following spells:

 Your Spells              Type           Power      Damage    Failure   Level
a - Magic Dart            Conj           100%       1d8       1%          1
b - Mephitic Cloud        Conj/Pois/Air  33%        N/A       3%          3
c - Call Imp              Summ           42%        N/A       3%          2
d - Blink                 Tloc           42%        N/A       3%          2
e - Ignite Poison         Fire/Tmut/Pois 28%        N/A       4%          3
f - Freezing Cloud        Conj/Ice/Air   17%        6-21      26%         5

Your spell library contained the following spells:

 Spells                   Type           Power      Damage    Failure   Level
 Sandblast                Erth           30%        2d9       3%          1
 Apportation              Tloc           42%        N/A       2%          1
 Slow                     Hex            60%        N/A       3%          1
 Cigotuvi's Dreadful Rot  Necr/Pois/Air  38%        N/A       4%          2


Dungeon Overview and Level Annotations

Branches:
Dungeon (7/15)             Temple (1/1) D:4           Sewer (visited)

Altars:
Cheibriados
Elyvilon
Gozag
Hepliaklqana
Kikubaaqudgha
Makhleb
Qazlal
Ru
Sif Muna
Trog
Uskayaw
Vehumet
Wu Jian
Xom
Yredelemnul
Zin

Shops:
D:5 (


Message History

You feel sick.
The centaur is engulfed in blazing flames.
You kill the centaur!
Vehumet accepts your kill.
The wyvern is engulfed in blazing flames.
Your Conjurations skill increases to level 7!
Casting: Mephitic Cloud (dangerous; 3% risk of failure)
Confirm with . or Enter, or press ? or * to list all spells.
Aiming: Mephitic Cloud (dangerous; 3% risk of failure)
Press: ? - help, Shift-Dir - straight line The ball explodes into a vile cloud!
The stinking cloud engulfs the wyvern but does no damage.
The wyvern is severely wounded.
The stinking cloud engulfs the killer bee but does no damage.
You feel sick.
The killer bee is engulfed in noxious fumes.
The killer bee appears confused.
The wyvern is engulfed in blazing flames.
You kill the wyvern!
Vehumet accepts your kill.
The killer bee is engulfed in noxious fumes.
The killer bee appears confused.
The steam dragon is engulfed in blazing flames.
The steam dragon breathes steam at you. The ball of steam misses you.
A shadow imp comes into view.
Unknown command.
You feel sick.
The killer bee is engulfed in noxious fumes.
The killer bee appears confused.
The steam dragon is engulfed in blazing flames.
You feel sick.
You are no longer poisoned.
The killer bee is engulfed in noxious fumes.
The killer bee appears confused.
The killer bee is engulfed in noxious fumes.
The killer bee is engulfed in a cloud of scalding steam. x2
The steam dragon breathes steam at you. The ball of steam hits you!
You die...

...)...... .... ....
......#..###.###....
###...............# ..
..5...°†..........# ...
#..............# #.#
##....D........######..##
#......§......#.........
.....<....§§.y............
............§@...†........
#/##................#####
# #.####..#........## ...
.......##..##..######.
....
...........###........ ##
#............<...##...#
..####...............##
#.................
.................


You could see a killer bee (confused).

Vanquished Creatures
  Pikel (D:4)
  Prince Ribbit (D:5)
  Sigmund (D:4)
  A wyvern (D:7)
  An ice beast (D:6)
  A sky beast (D:6)
  2 black bears (D:6)
  A centaur (D:7)
  2 phantoms (D:5)
  A bullfrog (D:7)
  4 scorpions
  A gnoll sergeant (D:6)
  5 killer bees (D:7)
  2 hounds
  A jelly (D:7)
  2 iguanas
  An orc wizard (D:6)
  A hell rat (Sewer)
  9 gnolls
  7 adders
  A river rat (Sewer)
  2 white imps
  An ufetubus (D:5)
  3 worms
  3 dart slugs
  9 orcs
  8 ball pythons
  11 endoplasms
  4 giant cockroaches
  8 goblins
  6 hobgoblins
  10 jackals
  A kobold (D:2)
  5 quokkas
  8 bats
  A frilled lizard (D:1)
  9 rats
135 creatures vanquished.

Notes
Turn   | Place    | Note
-------+----------+-------------------------------------------
     0 | D:1      | pokeman the Deep Elf Hedge Wizard began the quest for the
                  | Orb.
     0 | D:1      | Reached XP level 1. HP: 10/10 MP: 7/7
   220 | D:1      | Reached XP level 2. HP: 6/16 MP: 2/9
   593 | D:1      | Reached skill level 5 in Spellcasting
   762 | D:1      | Reached XP level 3. HP: 20/20 MP: 6/11
   766 | D:1      | Learned a level 3 spell: Mephitic Cloud
   769 | D:1      | Learned a level 2 spell: Call Imp
   772 | D:1      | Learned a level 2 spell: Blink
  1134 | D:1      | Reached skill level 1 in Fighting
  1134 | D:1      | Reached skill level 1 in Armour
  1434 | D:2      | Found a hazy altar of Hepliaklqana.
  1617 | D:2      | Reached XP level 4. HP: 20/25 MP: 5/13
  2409 | D:2      | Reached skill level 6 in Spellcasting
  2409 | D:2      | Reached XP level 5. HP: 29/29 MP: 9/15
  2495 | D:2      | Found the +4 robe of Augmentation {Str+4 Int+4 Dex+4}
  3021 | D:3      | Found a burning altar of Makhleb.
  3021 | D:3      | Found a sacrificial altar of Ru.
  3022 | D:3      | Found a glowing silver altar of Zin.
  3108 | D:3      | Found a basalt altar of Yredelemnul.
  3129 | D:3      | Reached skill level 1 in Poison Magic
  3310 | D:3      | Reached skill level 1 in Air Magic
  3642 | D:4      | Reached XP level 6. HP: 19/34 MP: 8/17
  3689 | D:4      | Found a snail-covered altar of Cheibriados.
  3746 | D:4      | Reached skill level 7 in Spellcasting
  3749 | D:4      | Identified the +0 pair of gloves of the Cuttlefish {Will-
                  | rCorr Dex+9}
  3847 | D:4      | Noticed Sigmund
  3855 | D:4      | Found a staircase to the Ecumenical Temple.
  3858 | D:4      | Killed Sigmund
  3860 | D:4      | Noticed Pikel
  3867 | Temple   | Entered the Ecumenical Temple
  3874 | Temple   | Became a worshipper of Vehumet
  3974 | D:4      | Reached XP level 7. HP: 21/38 MP: 2/19
  4020 | D:4      | Found a glowing drain.
  4025 | Sewer    | Entered a sewer
  4123 | Sewer    | Reached skill level 5 in Conjurations
  4291 | D:4      | Killed Pikel
  4292 | D:4      | Reached skill level 8 in Spellcasting
  4447 | D:4      | Learned a level 3 spell: Ignite Poison
  4453 | D:4      | Learned a level 5 spell: Freezing Cloud
  4719 | D:5      | Entered Level 5 of the Dungeon
  4764 | D:5      | Found Cabriomea's Antique Weapon Shop.
  4868 | D:5      | Reached XP level 8. HP: 45/45 MP: 15/22
  5401 | D:5      | Noticed Prince Ribbit
  5414 | D:5      | Killed Prince Ribbit
  5415 | D:5      | Reached skill level 9 in Spellcasting
  5415 | D:5      | Reached skill level 1 in Transmutations
  5415 | D:5      | Reached skill level 1 in Fire Magic
  5415 | D:5      | Reached skill level 1 in Ice Magic
  6306 | D:6      | Reached * piety under Vehumet
  6306 | D:6      | Offered knowledge of Sandblast by Vehumet.
  6438 | D:6      | Found a bloodstained altar of Trog.
  6444 | D:6      | Got a sparkling book
  6719 | D:6      | Reached skill level 10 in Spellcasting
  7176 | D:6      | Reached XP level 9. HP: 51/51 MP: 18/25
  7562 | D:7      | Killed from afar by a steam dragon

Illustrated notes

Levels and vault maps discovered:
D:1:      dpeg_arrival_erosion, layout_basic, serial_bayou_ford_a
D:2:      layout_basic, basic_altar
D:3:      layout_rooms, mainiacjoe_overflow_alcove_1,
          gammafunk_temple_overflow_claw, hangedman_decor_push,
          kennysheep_generic_room_8
D:4:      layout_rooms, mainiacjoe_overflow_concentric_impassable,
          minmay_temple_entry_mini_moons, gup_sewer_entry_bowl, uniq_sigmund,
          uniq_pikel
D:5:      layout_layer_cave, serial_shops, shop, uniq_prince_ribbit1
D:6:      layout_basic, trog_book
D:7:      layout_rooms, nicolae_hepliaklqana_hippocampus,
          mainiacjoe_overflow_alcove_4, mainiacjoe_overflow_surrounded_room,
          minmay_misc_feat_ornament, nicolae_shop_distant_corner_stores,
          grunt_ministairs_12, item_on_display_a
Temple:   nicolae_temple_cloud_nine

Skill      XL: |  1  2  3  4  5  6  7  8  9 |
---------------+----------------------------+-----
Spellcasting   | 5 6 7 8 10 | 10.9
Fighting       | 1 2 3 |  3.2
Armour         | 1 2 |  2.4
Conjurations   | 2 3 4 5 6 7 |  7.0
Stealth        | 3 |  3.0
Dodging        | 3 |  3.0
Poison Magic   | 1 |  1.2
Air Magic      | 1 |  1.1
Transmutations | 2 |  2.0
Fire Magic     | 2 3 |  3.7
Ice Magic      | 2 |  2.0
Summonings     | |  1.1
Translocations | |  1.1

Action                     |  1- 3 |  4- 6 |  7- 9 || total
---------------------------+-------+-------+-------++-------
  Melee: Dagger            |    26 |    39 |    14 ||    79
         Punch             |       |     2 |       ||     2
         Whip              |       |       |    15 ||    15
   Cast: Magic Dart        |    89 |   110 |   139 ||   338
         Mephitic Cloud    |     1 |    12 |    22 ||    35
         Call Imp          |       |     2 |     2 ||     4
         Blink             |       |     2 |       ||     2
         Ignite Poison     |       |       |     8 ||     8
   Stab: Confused          |       |     7 |     4 ||    11
         Sleeping          |       |     1 |       ||     1
 Armour: Robe              |    35 |    29 |    36 ||   100
  Dodge: Dodged            |    29 |    46 |    29 ||   104

Table legend: (Time is in decaauts)
 A = Elapsed time spent in this place.
 B = Non-inter-level travel time spent in this place.
 C = Inter-level travel time spent in this place.
 D = Time resting spent in this place.
 E = Time spent auto-exploring this place.
 F = Levels seen in this place.
 G = Mean time per level.
                   A        B        C        D        E       F      G
               +--------+--------+--------+--------+--------+-----+--------+
         Total |   7587 |   7442 |    145 |    181 |   6235 |   9 |  843.0 |
       Dungeon |   7299 |   7154 |    145 |    181 |   6004 |   7 | 1042.7 |
        Temple |     19 |     19 |      0 |      0 |      0 |   1 |   19.0 |
         Sewer |    267 |    267 |      0 |      0 |    231 |   1 |  267.0 |
               +--------+--------+--------+--------+--------+-----+--------+

Top non-repeatable levels by time:
     D:5: 1523 daAuts
     D:1: 1397 daAuts
     D:2: 1352 daAuts
     D:6: 1195 daAuts
     D:3: 901 daAuts
     D:4: 804 daAuts
   Sewer: 267 daAuts
     D:7: 124 daAuts
  Temple: 19 daAuts
